Map: Neon Violet Square LE

Players

Toperoco

  • Race: Zerg Zerg
  • League: Master
  • Spawn Location: 11:00

Funling - Winner!

  • Race: Protoss Protoss
  • League: Master
  • Spawn Location: 5:00

VOD

Have the link to the VOD?

Description

Time

  • Played on: Feb. 23, 2018, 3:13 a.m.
  • Length: 12:50
Show
View Real Time Build Order
Export as new Build Order

Toperoco Zerg 

Build Orders: Hatch First 

Get SALT Encoding   

  12  0:01  Drone  
  13  0:13  Overlord  
  13  0:18  Drone  
  14  0:31  Drone x2  
  16  0:37  Drone  
  17  0:53  Hatchery  
  16  0:57  Drone  
  17  1:04  Extractor  
  16  1:13  Spawning Pool  
  16  1:15  Drone  
  16  1:19  Drone  
  16  1:25  Drone  
  18  1:32  Drone  
  19  1:40  Drone  
  20  1:52  Overlord  
  20  2:05  Queen  
  20  2:06  Queen  
  24  2:11  Metabolic Boost  
  24  2:17  Drone x2  
  26  2:25  Drone x3  
  29  2:33  Drone  
  29  2:35  Drone  
  31  2:38  Zergling x2  
  32  2:47  Overlord  
  32  2:55  Drone x2  
  34  3:02  Drone  
  35  3:08  Hatchery, Drone  
  35  3:11  Queen  
  37  3:15  Queen  
  39  3:21  Overlord  
  39  3:23  Drone x2  
  41  3:27  Drone  
  41  3:28  Drone x2  
  41  3:31  Overlord  
  44  3:55  Zergling x6  
  47  3:56  Zergling x2, Drone x2  
  47  3:57  Lair  
  47  3:59  Extractor  
  49  4:04  Extractor  
  49  4:06  Drone x3  
  49  4:07  Overlord, Drone  
  49  4:08  Overlord  
  52  4:14  Spore Crawler  
  52  4:15  Spore Crawler  
  50  4:21  Drone x3  
  50  4:22  Drone x2  
  55  4:39  Baneling Nest  
  55  4:42  Evolution Chamber, Zergling x4, Drone x4  
  55  4:43  Evolution Chamber, Zergling x4  
  60  4:57  Drone x3  
  60  4:58  Drone  
  64  5:05  Hydralisk Den  
  64  5:06  Overlord x2, Drone x3  
  64  5:07  Overlord  
  66  5:14  Overseer  
  66  5:16  Drone x4  
  66  5:17  Overlord  
  70  5:30  Drone  
  70  5:31  Drone  
  72  5:35  Extractor  
  72  5:37  Muscular Augments  
  72  5:38  Zerg Ground Armor Level 1, Zerg Missile Weapons Level 1  
  72  5:40  Drone x3  
  72  5:41  Drone x5  
  79  5:44  Extractor  
  74  5:55  Overseer  
  71  5:57  Hydralisk x3  
  77  6:04  Hydralisk  
  77  6:06  Zergling x10  
  84  6:23  Hydralisk x3  
  84  6:25  Drone x5  
  94  6:29  Spore Crawler  
  94  6:38  Hydralisk x3  
  100  6:43  Overlord x2, Hydralisk  
  100  6:46  Drone x2  
  104  6:54  Extractor  
  103  6:56  Drone  
  103  6:57  Drone x2  
  103  7:00  Grooved Spines  
  106  7:18  Hydralisk x3, Drone  
  106  7:19  Overlord x2  
  109  7:34  Hydralisk x2  
  113  7:38  Overlord  
  113  7:44  Hydralisk x2  
  113  7:45  Hydralisk x4  
  113  7:50  Roach Warren  
  124  7:54  Zerg Missile Weapons Level 2  
  124  8:13  Hatchery, Zerg Ground Armor Level 2  
  124  8:15  Drone x2  
  124  8:18  Hydralisk x4  
  133  8:20  Overlord x3  
  133  8:48  Roach, Glial Reconstitution  
  133  8:50  Roach x4  
  133  8:51  Roach x6  
  133  8:52  Roach  
  133  8:55  Queen  
  159  9:14  Overlord x4  
  159  9:17  Drone x3  
  162  9:25  Extractor  
  162  9:27  Infestation Pit  
  162  9:28  Hatchery, Extractor  
  157  9:34  Baneling x3  
  157  9:35  Baneling x9  
  157  9:39  Centrifical Hooks  
  157  10:03  Ravager x4  
  157  10:05  Roach  
  157  10:06  Roach x10  
  125  10:23  Hydralisk  
  97  10:36  Hydralisk  
  97  10:37  Hydralisk x6  
  97  10:38  Zergling x8  
  102  11:02  Hydralisk  
  102  11:03  Hydralisk x5  
  114  11:27  Hydralisk x5  
  114  11:28  Hydralisk  
  126  11:34  Drone x2  
  128  11:46  Hydralisk x4  
  136  11:58  Hatchery  
  86  12:32  Zergling x2  
Show
View Real Time Build Order
Export as new Build Order

Funling Protoss - Winner!

Build Orders: 1 Gate Expand, Zealot Archon, Dark Templar Rush 

Get SALT Encoding   

  12  0:01  Probe  
  13  0:13  Probe  
  14  0:21  Pylon  
  14  0:25  Probe  
  15  0:39  Probe (Chrono Boost)  
  15  0:41  Gateway  
  17  0:51  Probe (Chrono Boost), Assimilator  
  17  0:56  Probe (Chrono Boost)  
  18  1:06  Probe  
  19  1:18  Probe  
  20  1:28  Nexus  
  20  1:41  Cybernetics Core  
  20  1:47  Probe  
  20  1:51  Assimilator  
  21  1:59  Probe  
  22  2:03  Pylon  
  22  2:11  Probe (Chrono Boost)  
  23  2:18  Gateway  
  23  2:19  Warp Gate  
  23  2:21  Probe (Chrono Boost)  
  23  2:22  Sentry (Chrono Boost)  
  26  2:28  Probe  
  27  2:39  Stalker (Chrono Boost)  
  27  2:41  Pylon  
  29  2:45  Probe  
  29  2:50  Probe (Chrono Boost)  
  31  2:59  Assimilator  
  31  3:00  Probe (Chrono Boost)  
  33  3:07  Adept  
  33  3:08  Probe (Chrono Boost)  
  33  3:09  Probe (Chrono Boost)  
  36  3:14  Probe (Chrono Boost)  
  36  3:19  Twilight Council  
  37  3:24  Probe  
  37  3:26  Probe  
  39  3:27  Sentry  
  41  3:38  Gateway  
  41  3:40  Gateway  
  41  3:43  Probe  
  41  3:48  Sentry  
  44  3:49  Probe  
  45  3:56  Dark Shrine  
  45  4:04  Probe x2 (Chrono Boost)  
  47  4:14  Probe x2 (Chrono Boost)  
  47  4:15  Robotics Facility  
  49  4:19  Probe  
  49  4:20  Probe  
  49  4:23  Pylon  
  51  4:25  Forge  
  51  4:28  Assimilator  
  51  4:38  Pylon, Sentry  
  53  4:54  Probe x2  
  53  4:58  Protoss Ground Weapons Level 1  
  55  5:04  Warp Prism (Chrono Boost)  
  57  5:08  Dark Templar x2  
  57  5:11  Dark Templar  
  63  5:15  Probe x2  
  65  5:21  Pylon  
  65  5:25  Pylon  
  65  5:27  Probe x2  
  67  5:54  Immortal (Chrono Boost)  
  65  5:59  Nexus  
  65  6:02  Assimilator  
  69  6:05  Probe  
  69  6:06  Probe, Assimilator  
  69  6:08  Pylon  
  71  6:19  Probe x2  
  71  6:24  Pylon  
  73  6:30  Immortal (Chrono Boost)  
  73  6:31  Probe x2  
  79  6:33  Dark Templar x2  
  79  6:34  Archon  
  79  6:36  Charge (Chrono Boost)  
  79  6:37  Archon  
  83  6:43  Probe x2  
  85  6:52  Gateway x2  
  85  6:53  Pylon  
  85  6:56  Immortal (Chrono Boost)  
  85  6:58  Stalker x2  
  93  7:03  Probe x2  
  95  7:14  Probe  
  95  7:15  Probe x2  
  98  7:26  Probe  
  98  7:27  Probe x2  
  98  7:28  Immortal (Chrono Boost)  
  98  7:29  Protoss Ground Weapons Level 2 (Chrono Boost)  
  105  7:38  Probe  
  105  7:39  Probe x2  
  105  7:41  Sentry  
  105  7:42  Sentry  
  105  7:43  Sentry x2  
  116  7:52  Templar Archives  
  116  7:59  Immortal (Chrono Boost)  
  110  8:14  Pylon  
  110  8:15  Pylon  
  110  8:18  Pylon  
  110  8:21  Pylon  
  110  8:27  Warp Prism (Chrono Boost)  
  112  8:35  Gateway x2  
  112  8:41  Gateway  
  112  8:44  Gateway  
  112  8:45  Pylon  
  112  8:49  Zealot  
  112  8:50  Zealot x5  
  124  8:58  Pylon  
  124  9:00  Shield Battery  
  124  9:01  Shield Battery  
  124  9:11  High Templar x4  
  124  9:12  High Templar x2  
  124  9:15  Archon x3  
  136  9:40  High Templar x4  
  136  9:44  Archon x2  
  144  9:47  High Templar x3  
  144  9:48  High Templar  
  144  9:51  Archon x2  
  152  9:53  Zealot x2  
  132  10:19  Zealot x2  
  132  10:20  Zealot x5  
  132  10:21  Zealot x3  
  116  10:40  High Templar  
  116  10:41  High Templar x3  
  116  10:42  High Templar x2, Zealot  
  122  10:43  Zealot x3  
  122  10:45  Archon  
  122  10:46  Archon x2  
  124  10:56  Warp Prism (Chrono Boost)  
  122  11:04  Zealot x2  
  122  11:05  Zealot x2  
  130  11:15  Zealot x6  
  142  11:20  Warp Prism (Chrono Boost)  
  144  11:29  High Templar x3  
  144  11:30  High Templar  
  152  11:33  Archon x2  
  152  11:45  Zealot x6  
  160  12:07  Zealot  
  160  12:08  Zealot x6  
  164  12:09  Zealot  
  166  12:21  High Templar  
  166  12:22  High Templar  
  148  12:26  Archon  
  148  12:29  High Templar x4  
  146  12:31  High Templar x2  
  146  12:32  Zealot x2  
  146  12:33  Archon  
  146  12:34  Archon  
  134  12:42  Archon  
Tags
 
Add a new tag
Caveats
  • Supply blocks, unpowered buildings, or Contaminate may cause inaccurate times.
  • Supply counts are checked every 10 seconds.